 Dungeon Crawl Stone Soup version 0.17-a0-2118-g63bad21 (webtiles) character file.

548 tp1 the Conjurer (level 7, 0/36 HPs)
             Began as a Deep Elf Conjurer on Oct 20, 2015.
             Was a Follower of Vehumet.
             Shot with an arrow of flame by a centaur (5 damage)
             ... on level 5 of the Dungeon.
             The game lasted 00:23:12 (5492 turns).

tp1 the Conjurer (Deep Elf Conjurer)                Turns: 5492, Time: 00:23:13

Health: 0/36       AC:  3    Str:  5    XL:     7   Next: 7%
Magic:  10/16      EV: 13    Int: 28    God:    Vehumet [*.....]
Gold:   160        SH:  0    Dex: 15    Spells: 4 memorised, 5 levels left

rFire  . . .     SeeInvis .     (no weapon)
rCold  . . .     Clarity  .     a - +0 robe
rNeg   . . .     SustAt   .     (no shield)
rPois  .         Gourm    .     x - +0 helmet
rElec  .         Spirit   .     (no cloak)
rCorr  .         Warding  .     (no gloves)
rMut   .         Stasis   .     (no boots)
MR     .....                    (no amulet)
Stlth  +++.......               A - +3 ring of intelligence
                                l - +3 ring of intelligence

@: not resistant to hostile enchantments, fairly stealthy
A: no striking features
a: Renounce Religion


You were on level 5 of the Dungeon.
You worshipped Vehumet.
Vehumet was aware of your devotion.
You were hungry.

You visited 1 branch of the dungeon, and saw 5 of its levels.

You collected 160 gold pieces.

Inventory:

Armour
 a - a +0 robe (worn)
 x - a +0 helmet (worn)
Jewellery
 l - a +3 ring of intelligence (left hand)
 m - an uncursed ring of ice
 t - an uncursed ring of stealth
 A - a +3 ring of intelligence (right hand)
 C - a +2 ring of intelligence
Wands
 q - a wand of polymorph (2)
 y - a wand of confusion (20)
Scrolls
 e - a scroll of noise {unknown}
 g - 2 scrolls of teleportation {unknown}
 h - 2 scrolls of blinking {unknown}
 i - a scroll of enchant armour {unknown}
 n - 3 scrolls of identify {unknown}
 u - a scroll of immolation {unknown}
 w - 3 scrolls of remove curse {unknown}
 B - 2 scrolls of amnesia {unknown}
Potions
 d - 3 potions of might {unknown}
 f - a potion of lignification {unknown}
 j - a potion of flight {unknown}
 o - a potion of agility {unknown}
 p - a potion of curing {unknown}
 r - 2 potions of haste {unknown}
 D - a potion of resistance {unknown}
Books
 b - a book of Conjurations

   Spells                             Type                      Level
   a - Magic Dart                     Conjuration                  1
   b - Searing Ray                    Conjuration                  2
   c - Dazzling Spray                 Conjuration/Hexes            3
   d - Fulminant Prism                Conjuration/Hexes            4
   e - Iskenderun's Mystic Blast      Conjuration                  4
   f - Iskenderun's Battlesphere      Conjuration/Charms           5
 k - a book of Transfigurations

   Spells                             Type                      Level
   a - Stoneskin                      Transmutation/Earth          2
   b - Irradiate                      Conjuration/Transmutation    5
   c - Statue Form                    Transmutation/Earth          6
   d - Hydra Form                     Transmutation                6
   e - Dragon Form                    Transmutation                7
Comestibles
 c - 2 bread rations
 s - a royal jelly
 v - 3 meat rations


   Skills:
 - Level 3.1 Dodging
 - Level 4.1 Stealth
 + Level 5.0 Spellcasting
 - Level 6.3 Conjurations
 - Level 6.0 Charms


You had 5 spell levels left.
You knew the following spells:

 Your Spells              Type           Power        Failure   Level  Hunger
a - Magic Dart            Conj           ####         1%          1    None
b - Searing Ray           Conj           #####.       1%          2    None
c - Dazzling Spray        Conj/Hex       ###.....     8%          3    #......
d - Iskenderun's Battles  Conj/Chrm      #####...     17%         5    #####..


Dungeon Overview and Level Annotations

Branches:
Dungeon (5/15)
 Temple: D:4-7

Altars:
Dithmenos
Kikubaaqudgha
Makhleb
Qazlal
Sif Muna
Vehumet
Xom

Shops:
D:4 (=:((


Message History

Okay, then.
A worm and a centaur come into view.
Casting: Magic Dart
Confirm with . or Enter, or press ? or * to list all spells.
You conjure a globe of magical energy.
You are feeling hungry.
The centaur shouts!
The centaur wields a shortbow.
The centaur shoots an arrow of flame.
The arrow of flame hits you! The arrow of flame burns you.
Casting: Iskenderun's Battlesphere
Confirm with . or Enter, or press ? or * to list all spells.
Aiming: Magic Dart
Press: ? - help, Shift-Dir - straight line, f - centaur
Aim: a centaur, wielding a shortbow The magic dart hits the centaur.
The centaur is moderately wounded.
The centaur shoots an arrow of flame.
The arrow of flame hits you!
* * * LOW HITPOINT WARNING * * *
The arrow of flame burns you.
You die...

#.....# .....
#.....###+####.....
#..................
#..................
#..................
#........^.........
#.....###.......###
#.....# ###.....#
#.....# #@.*..+
#####.....$.....#
#..c.....#+##
#.........
#..w.......
#.........>.
#.......$....
#........#####


You could see a centaur and a worm.

Vanquished Creatures
  2 ogres (D:4)
  2 scorpions (D:4)
  A giant frog skeleton (D:4)
  Ijyb (D:3)
  A hound (D:4)
  Jessica (D:3)
  A worker ant (D:4)
  9 adders
  An ooze (D:3)
  A giant gecko (D:4)
  2 orcs (D:3)
  A ball python (D:3)
  6 giant cockroaches
  7 goblins
  8 hobgoblins
  5 jackals
  10 kobolds
  4 quokkas
  6 bats
  A giant gecko skeleton (D:4)
  2 giant newts
  2 jackal skeletons (D:4)
  4 rats
78 creatures vanquished.

Notes
Turn   | Place    | Note
--------------------------------------------------------------
     0 | D:1      | tp1 the Deep Elf Conjurer began the quest for the Orb.
     0 | D:1      | Reached XP level 1. HP: 10/10 MP: 6/6
   247 | D:1      | Reached XP level 2. HP: 15/15 MP: 4/8
   509 | D:1      | You fall through a shaft!
   565 | D:2      | Found a shimmering altar of Xom.
   565 | D:2      | Found a burning altar of Makhleb.
   598 | D:2      | Reached XP level 3. HP: 19/19 MP: 5/10
  1509 | D:2      | Reached skill level 5 in Spellcasting
  1649 | D:2      | Reached XP level 4. HP: 24/24 MP: 9/13
  2098 | D:2      | Reached skill level 5 in Conjurations
  2159 | D:3      | Found an ancient bone altar of Kikubaaqudgha.
  2162 | D:3      | Found a stormy altar of Qazlal.
  2165 | D:3      | Found a radiant altar of Vehumet.
  2171 | D:3      | Became a worshipper of Vehumet
  2195 | D:3      | Found a shadowy altar of Dithmenos.
  2208 | D:3      | Found a deep blue altar of Sif Muna.
  2223 | D:3      | Noticed Ijyb
  2234 | D:3      | Killed Ijyb
  2416 | D:3      | Reached XP level 5. HP: 28/28 MP: 7/14
  2472 | D:3      | Learned a level 2 spell: Searing Ray
  2476 | D:3      | Learned a level 3 spell: Dazzling Spray
  2482 | D:3      | Learned a level 5 spell: Iskenderun's Battlesphere
  2773 | D:3      | Reached skill level 1 in Charms
  2809 | D:3      | Noticed Jessica
  3053 | D:3      | Killed Jessica
  3053 | D:3      | Reached * piety under Vehumet
  3053 | D:3      | Offered knowledge of Sandblast by Vehumet.
  3556 | D:3      | Found a stormy altar of Qazlal.
  3556 | D:3      | Found an ancient bone altar of Kikubaaqudgha.
  3556 | D:3      | Found a radiant altar of Vehumet.
  3556 | D:3      | Found a shadowy altar of Dithmenos.
  3875 | D:4      | Found Nyagro's Antique Weapon Shop.
  3907 | D:4      | Found Asaaff's Weapon Shop.
  3977 | D:4      | Found Ponkoan's Jewellery Emporium.
  3996 | D:4      | Found Lokluaq's Book Shoppe.
  4187 | D:4      | Noticed an ogre
  4188 | D:4      | Killed an ogre
  4188 | D:4      | Reached skill level 5 in Charms
  4188 | D:4      | Reached XP level 6. HP: 21/32 MP: 5/15
  4303 | D:4      | Reached skill level 6 in Charms
  4471 | D:4      | Found Ytuledaj's Weapon Shop.
  4864 | D:4      | Found Ponkoan's Jewellery Emporium.
  4875 | D:4      | Found Lokluaq's Book Shoppe.
  4905 | D:4      | Found Asaaff's Weapon Shop.
  4923 | D:4      | Found Nyagro's Antique Weapon Shop.
  5197 | D:4      | Found Ytuledaj's Weapon Shop.
  5282 | D:4      | Reached XP level 7. HP: 36/36 MP: 8/16
  5471 | D:5      | Entered Level 5 of the Dungeon
  5492 | D:5      | Shot with an arrow of flame by a centaur

Vault maps used:
D:1:      dpeg_arrival_refuge, roderic_cross_of_infinity
D:2:      gammafunk_temple_overflow_elements
D:3:      overflow_temple_1_default, grunt_temple_overflow_cloverleaf,
          minmay_misc_feat_iff, uniq_iyjb, uniq_jessica
D:4:      serial_shops, nicolae_shop_crystal, kennysheep_mini,
          nicolae_shop_crystal, nicolae_shop_crystal, kennysheep_little_box
D:5:      first_bread, yredelemnul_altar_generic, uniq_crazy_yiuf_cottage,
          uniq_eustachio

Action                   |  1- 3 |  4- 6 |  7- 9 || total
-------------------------+-------+-------+-------++-------
Melee: Unarmed           |     2 |       |       ||     2
 Cast: Magic Dart        |    61 |    96 |     4 ||   161
       Iskenderun's Batt |       |     6 |     1 ||     7
       Dazzling Spray    |       |     2 |       ||     2
       Searing Ray       |       |     1 |       ||     1
  Eat: Chunk             |     2 |    10 |       ||    12
       Fruit             |       |     3 |       ||     3
       Royal jelly       |       |       |     1 ||     1
